 Dungeon Crawl Stone Soup version 0.31-a0-750-gfe7b580527 (webtiles) character file.

Game seed: 17126402383538937560

8227 Aneyh the Fighter (level 11, -11/68 HPs)
             Began as a Tengu Monk on Sept 14, 2023.
             Was a Priest of Hepliaklqana.
             Mangled by a white ugly thing (25 damage)
             ... on level 10 of the Dungeon.
             The game lasted 00:15:13 (8889 turns).

Aneyh the Fighter (Tengu Monk)                      Turns: 8889, Time: 00:15:14

Health: -11/68     AC: 15    Str: 19    XL:     11   Next: 27%
Magic:  12/12      EV: 21    Int: 13    God:    Hepliaklqana [***...]
Gold:   1752       SH:  4    Dex: 18    Spells: 4/10 levels left

rFire   + . .        a - +1 broad axe "Luczihoo" {holy, rPois Str+4 Int+3 Dex-2}
rCold   . . .        g - +0 buckler
rNeg    . . .        l - +4 ring mail
rPois   +            (helmet restricted)
rElec   .            s - +0 cloak
rCorr   .            R - +2 pair of gloves
SInv    .            (boots unavailable)
Will    .....        J - amulet of the acrobat
Stlth   +            O - ring of the Grinning Ancients {rF+ EV+5}
HPRegen 0.31/turn    (no ring)
MPRegen 0.13/turn

%: acrobat
@: flying
A: reduced essence, beak, talons 3, evasive flight, acrobatic, iridescent scales
1, agile 1, mutation resistance 1
a: Renounce Religion, Recall Ancestor, Ancestor Identity, Transference


You were on level 10 of the Dungeon.
You worshipped Hepliaklqana.
Hepliaklqana was most pleased with you.
You visited 1 branch of the dungeon, and saw 10 of its levels.

You collected 1848 gold pieces.
You spent 96 gold pieces at shops.

Inventory:

Hand Weapons
 a - the +1 broad axe "Luczihoo" (weapon) {holy, rPois Str+4 Int+3 Dex-2}
   (You acquired it on level 8 of the Dungeon)

   Str+4:     It affects your strength (+4).
   Int+3:     It affects your intelligence (+3).
   Dex-2:     It affects your dexterity (-2).
   rPois:     It protects you from poison
 b - a +2 trident of protection
 v - a +0 spear
 w - a +0 trident
 y - a +2 halberd of protection
 E - a +0 hand axe
 F - a +0 orcbow
 N - a +0 war axe
 P - a +0 executioner's axe of flaming
Missiles
 h - 14 poisoned darts
 B - 7 throwing nets
Armour
 d - an orb of light
 f - a +1 robe
 g - a +0 buckler (worn)
 l - a +4 ring mail (worn)
 s - a +0 cloak (worn)
 R - a +2 pair of gloves (worn)
Jewellery
 J - an amulet of the acrobat (around neck)
 M - an amulet of faith
 O - the ring of the Grinning Ancients (left hand) {rF+ EV+5}
   (You acquired it on level 8 of the Dungeon)

   [ring of evasion]

   EV+5:      It affects your evasion (+5).
   rF+:       It protects you from fire.
Wands
 p - a wand of digging (13)
 q - a wand of paralysis (12)
 G - a wand of mindburst (17)
 Q - a wand of flame (5)
Scrolls
 c - 11 scrolls of identify
 i - a scroll of poison {unknown}
 j - a scroll of silence {unknown}
 m - a scroll of butterflies {unknown}
 r - 2 scrolls of fear {unknown}
 t - 3 scrolls of immolation {unknown}
 u - a scroll of enchant weapon {unknown}
 x - 5 scrolls of teleportation {unknown}
 A - 3 scrolls of fog {unknown}
 D - a scroll of noise {unknown}
 L - a scroll of blinking {unknown}
Potions
 e - 7 potions of curing
 k - 3 potions of lignification {unknown}
 n - 2 potions of heal wounds {unknown}
 o - a potion of might {unknown}
 z - 2 potions of degeneration {unknown}
 C - 2 potions of invisibility {unknown}
 H - a potion of mutation
 I - a potion of brilliance {unknown}
 K - 2 potions of attraction {unknown}


   Skills:
 + Level 12.5 Fighting
 - Level 12.0 Axes
 - Level 3.2 Dodging
 - Level 7.0 Summonings


You had 4 spell levels left.
You knew the following spells:

 Your Spells              Type           Power      Damage    Failure   Level
a - Call Canine Familiar  Summ           18%        N/A       12%         3
b - Summon Guardian Gole  Hex/Summ       9%         N/A       45%         3

Your spell library contained the following spells:

 Spells                   Type           Power      Damage    Failure   Level
 Summon Small Mammal      Summ           72%        N/A       4%          1
 Sting                    Tmut/Pois      0%         1d3       56%         1
 Ozocubu's Armour         Ice            0%         N/A       91%         3
 Metabolic Englaciation   Hex/Ice        0%         N/A       100%        5
 Simulacrum               Ice/Necr       0%         N/A       100%        6


Dungeon Overview and Level Annotations

Branches:
Dungeon (10/15)            Temple (0/1) D:5            Lair (0/5) D:8
    Orc: D:9-12

Altars:
Ashenzari
Dithmenos
Fedhas
Hepliaklqana
Kikubaaqudgha
Makhleb
Nemelex Xobeh
Sif Muna
Zin
The Shining One

Shops:
D:1 !   D:3 :   D:5 !   D:6 [   D:8 *


Innate Abilities, Weirdness & Mutations

Your life essence is reduced to manifest your ancestor. (-10% HP)
You have a beak for a mouth.
You have claws for feet.
Your magical flight helps you evade attacks. (EV +4)
You can magically evade attacks while moving or waiting.
You are partially covered in iridescent scales. (AC +2)
You are agile. (Dex +4, Str/Int -1)
You are somewhat resistant to further mutation.


Message History

Press: ? - help, Dir - move target, f - white ugly thing
Aim: a white ugly thing (heavily wounded, ally target, about 29% to evade your +2 trident of protection)
You could not reach far enough!
Your hound bites the white ugly thing.
Taribatum misses the white ugly thing.
The white ugly thing pecks your hound.
The white ugly thing freezes your hound!!
Your hound dies!
Your hound's corpse disappears in a puff of smoke!
Reach: b) +2 trident (protect)
Press: ? - help, Dir - move target, f/p - white ugly thing
Aim: a white ugly thing (heavily wounded, ally target, about 29% to evade your +2 trident of protection)
You reach to attack!
You puncture the white ugly thing!
Your weapon exudes an aura of protection.
The white ugly thing is heavily wounded.
Taribatum misses the white ugly thing.
Unknown command.
Your +2 trident of protection goes still.
You feel stronger.
You feel clever.
You feel clumsy.
The +1 broad axe "Luczihoo" {holy, rPois Str+4 Int+3 Dex-2} softly glows with a divine radiance!
a - the +1 broad axe "Luczihoo" (weapon)
{holy, rPois Str+4 Int+3 Dex-2} The white ugly thing closely misses you.
You hit the white ugly thing but do no damage.
Your kick misses the white ugly thing. You peck the white ugly thing.
The white ugly thing is severely wounded.
The white ugly thing closely misses you.
Taribatum hits the white ugly thing with a +0 flail.
Unknown command.
You hit the white ugly thing.
You claw the white ugly thing, but do no damage.
The white ugly thing is severely wounded.
The yak gores Taribatum.
The white ugly thing completely misses you.
You closely miss the white ugly thing. You claw the white ugly thing.
Your peck misses the white ugly thing.
The white ugly thing is severely wounded.
Taribatum hits the white ugly thing with a +0 flail!
The yak barely misses Taribatum.
The white ugly thing pecks you!
* * * LOW HITPOINT WARNING * * *
The white ugly thing freezes you!!
You die...

#.# ♣ #.#♣ ♣# .
#.#. .#♣.
#.#.♣♣♣.#.♣
#.#..♣.. .♣
#.#♣.♣.♣#.♣
#.#..#..♣.♣.♣.♣♣
#.).#.#@uRY~....
#.#..#..♣.♣.♣.♣.
#.#♣.♣.♣#.♣
#.#..♣.. .♣
#.#.♣♣♣.#.♣ #.#.
.#♣. #.#♣ ♣# .
#.# ♣ ##.#


You could see the friendly Taribatum the knight, a white ugly thing (ally
target) and a yak.

Vanquished Creatures
  A two-headed ogre (D:9)
  A deep elf pyromancer (D:10)
  A gargoyle (D:10)
  A troll (D:9)
  2 hornets
  2 wraiths
  2 wyverns (D:9)
  5 yaks
  A steam dragon (D:9)
  5 vampire mosquitoes
  Menkaure (D:4)
  2 wargs
  A water moccasin (D:6)
  2 orc warriors
  A black bear (D:7)
  An ogre (D:6)
  A centaur (D:6)
  A kobold brigand (D:7)
  3 bullfrogs
  2 scorpions
  2 wights
  An electric eel (D:7)
  3 howler monkeys (D:9)
  4 hounds
  3 orc priests
  2 gnoll boudas
  An iguana (D:6)
  5 orc wizards
  Robin (D:2)
  5 adders
  23 gnolls
  2 shadow imps
  4 white imps
  A worm (D:1)
  5 dart slugs
  21 orcs
  2 endoplasms
  6 giant cockroaches
  14 goblins
  5 hobgoblins
  A jackal (D:2)
  4 quokkas
  6 ball pythons
  4 bats
  A frilled lizard (D:2)
  17 kobolds
  3 rats
182 creatures vanquished.

Vanquished Creatures (collateral kills)
  A manticore (D:8)
  5 yaks
  A steam dragon (D:9)
  A vampire mosquito (D:7)
  An acid dragon (D:10)
  An ice beast (D:7)
  A centaur (D:10)
  A bullfrog (D:8)
  A jelly (D:7)
  A hound (D:6)
  An orc priest (D:8)
  2 iguanas (D:5)
  2 sleepcaps
  A gnoll (D:5)
  A white imp (D:5)
  7 orcs
28 creatures vanquished.

Vanquished Creatures (others)
  A knight (D:8)
1 creature vanquished.

Grand Total: 211 creatures vanquished

Notes
Turn   | Place    | Note
-------+----------+-------------------------------------------
     0 | D:1      | Aneyh the Tengu Monk began the quest for the Orb.
     0 | D:1      | Reached XP level 1. HP: 14/14 MP: 2/2
    95 | D:1      | Found Fyhy's Distillery.
   466 | D:1      | Reached XP level 2. HP: 14/19 MP: 3/3
   802 | D:2      | Reached XP level 3. HP: 20/23 MP: 4/4
   870 | D:2      | Noticed Robin
   902 | D:2      | Killed Robin
  1033 | D:2      | Reached XP level 4. HP: 28/28 MP: 5/5
  1453 | D:2      | Found a faded altar of an unknown god.
  1522 | D:3      | Reached skill level 5 in Axes
  1612 | D:3      | Found a broken altar of Ashenzari.
  1647 | D:3      | You fall into a shaft and drop 3 floors!
  1670 | D:6      | Reached XP level 5. HP: 33/33 MP: 6/6
  1709 | D:5      | Entered Level 5 of the Dungeon
  1712 | D:5      | Found Johujuaq's Distillery.
  1984 | D:1      | Bought a potion of mutation for 96 gold pieces
  1984 | D:1      | Gained mutation: You are agile. (Dex +4, Str/Int -1)
                  | [potion of mutation]
  1984 | D:1      | Gained mutation: You are somewhat resistant to further
                  | mutation. [potion of mutation]
  1984 | D:1      | Gained mutation: You are partially covered in iridescent
                  | scales. (AC +2) [potion of mutation]
  2372 | D:3      | Reached XP level 6. HP: 13/38 MP: 7/7
  2550 | D:3      | Found a burning altar of Makhleb.
  2554 | D:3      | Found a glowing silver altar of Zin.
  2554 | D:3      | Noticed an angel
  2555 | D:3      | Noticed a balrug
  2898 | D:3      | Found Qumolaem's Book Shop.
  3069 | D:4      | Found an ancient bone altar of Kikubaaqudgha.
  3258 | D:4      | Noticed Menkaure
  3265 | D:4      | Killed Menkaure
  3266 | D:4      | Gained mutation: Your magical flight helps you evade
                  | attacks. (EV +4) [Tengu growth]
  3266 | D:4      | Reached XP level 7. HP: 26/43 MP: 8/8
  3713 | D:4      | Found a hazy altar of Hepliaklqana.
  3717 | D:4      | Found a shadowy altar of Dithmenos.
  3717 | D:4      | Noticed a shadow
  3722 | D:4      | Became a worshipper of Hepliaklqana the Forgotten
  3722 | D:4      | Reached * piety under Hepliaklqana
  3722 | D:4      | Reached ** piety under Hepliaklqana
  3723 | D:4      | Remembered your ancestor Taribatum as a knight
  4339 | D:5      | Found a blossoming altar of Fedhas.
  4446 | D:5      | Found a staircase to the Ecumenical Temple.
  5089 | D:6      | Reached XP level 8. HP: 43/43 MP: 9/9
  5233 | D:6      | Found Buafe's Armour Shop.
  5260 | D:6      | Reached skill level 10 in Axes
  5271 | D:6      | Reached skill level 5 in Fighting
  5845 | D:7      | Reached XP level 9. HP: 36/48 MP: 10/10
  5962 | D:7      | Reached skill level 1 in Summonings
  5966 | D:7      | Learned a level 3 spell: Call Canine Familiar
  5970 | D:7      | Learned a level 3 spell: Summon Guardian Golem
  6239 | D:7      | Reached *** piety under Hepliaklqana
  6476 | D:8      | Found Zubyrino's Assorted Antiques.
  6511 | D:8      | Found a staircase to the Lair.
  6528 | D:8      | HP: 1/50 [orc priest/divine providence (12)]
  6982 | D:8      | Noticed a manticore
  6989 | D:8      | Killed a manticore
  6990 | D:8      | Reached skill level 5 in Summonings
  6997 | D:8      | Identified 5 scrolls of acquirement
  6998 | D:8      | Acquired a +0 executioner's axe of flaming
  6999 | D:8      | Acquired the ring of the Grinning Ancients {rF+ EV+5}
  7002 | D:8      | Acquired the +1 broad axe "Luczihoo" {holy, rPois Str+4
                  | Int+3 Dex-2}
  7004 | D:8      | Acquired 764 gold pieces
  7005 | D:8      | Acquired 422 gold pieces
  7035 | D:8      | Noticed a hornet
  7079 | D:8      | Killed a hornet
  7080 | D:8      | Reached XP level 10. HP: 46/57 MP: 11/11
  7328 | D:8      | Found a glowing golden altar of the Shining One.
  7499 | D:9      | Found a sparkling altar of Nemelex Xobeh.
  7823 | D:9      | Reached skill level 10 in Fighting
  8443 | D:9      | Found a shimmering blue altar of Sif Muna.
  8468 | D:9      | Got Sif Muna's Anthology of the Shift
  8498 | D:10     | Entered Level 10 of the Dungeon
  8501 | D:10     | Noticed a two-headed ogre
  8591 | D:9      | Killed a two-headed ogre
  8592 | D:9      | Reached XP level 11. HP: 44/68 MP: 9/12
  8825 | D:10     | Noticed a deep elf pyromancer
  8834 | D:10     | Killed a deep elf pyromancer
  8860 | D:10     | Noticed a white ugly thing
  8889 | D:10     | Mangled by a white ugly thing

Illustrated notes

Levels and vault maps discovered:
D:1:      dpeg_arrival_brainrot, layout_basic, serial_shops,
          nicolae_shop_tiny_statue_garden
D:2:      minmay_general_purpose_star, layout_rooms,
          hellmonk_ecumenical_altar_slurped_away, minmay_split_cup_small,
          uniq_robin
D:3:      layout_loops_cross, overflow_temple_1_default,
          grunt_temple_overflow_order_and_chaos_2, serial_shops,
          nicolae_shop_tiny_real_fake_doors
D:4:      layout_loops_ring, riverfiend_overflow_shadow_ancestor,
          mainiacjoe_overflow_small_starburst, minmay_misc_feat_square,
          uniq_menkaure
D:5:      layout_basic, fedhas_ov_isle_minmay, temple_statues, serial_shops,
          nicolae_shop_trees
D:6:      layout_loops_ring, serial_shops, shop, nrook_mini_backslash,
          hangedman_minor_gate_pass
D:7:      layout_cave_pools, minivault_14, minivault_4
D:8:      layout_gridville, tso_altar, erik_lair_orcish_takeover, serial_shops,
          shop
D:9:      layout_roguey, nemelex_xobeh_ov_fountains_minmay, led_sif_book
D:10:     nzn_winding_woodlands_three_and_one [nzn_winding_woodlands_5x15_twine,
          nzn_winding_woodlands_5x15_eye, nzn_winding_woodlands_5x15_jagged,
          nzn_winding_woodlands_center_lodge], layout_basic,
          nicolae_ru_great_annihilating_truth, lemuel_tele_altar,
          mainiacjoe_overflow_six_doors_small, nicolae_titane

Skill      XL: |  1  2  3  4  5  6  7  8  9 10 11 |
---------------+----------------------------------+-----
Axes           | 4 5 6 7 9 11 12 | 12.0
Fighting       | 4 5 8 11 12 | 12.5
Summonings     | 5 7 |  7.0
Dodging        | |  3.2

Action                     |  1- 3 |  4- 6 |  7- 9 | 10-12 || total
---------------------------+-------+-------+-------+-------++-------
  Melee: Hand axe          |    81 |   136 |   152 |       ||   369
         Peck              |     9 |    18 |    49 |    27 ||   103
         Kick              |    23 |    52 |    92 |    42 ||   209
         Trident           |       |       |   102 |    11 ||   113
         War axe           |       |       |    44 |       ||    44
         Broad axe         |       |       |       |   114 ||   114
  Throw: Dart              |       |       |     1 |       ||     1
   Cast: Call Canine Famil |       |       |       |     5 ||     5
 Invoke: Ancestor Life: Kn |       |       |     1 |       ||     1
         Recall Ancestor   |       |       |       |     1 ||     1
    Use: Scroll            |     1 |       |     6 |       ||     7
         Potion            |     1 |     1 |     1 |       ||     3
   Stab: Sleeping          |     1 |     2 |       |       ||     3
         Distracted        |       |       |     2 |     1 ||     3
 Armour: Robe              |    51 |     3 |       |       ||    54
         Ring mail         |       |    59 |   115 |    55 ||   229
  Dodge: Dodged            |    53 |    70 |   196 |   114 ||   433
  Block: Buckler           |    15 |    29 |    63 |    16 ||   123

Table legend: (Time is in decaauts)
 A = Elapsed time spent in this place.
 B = Non-inter-level travel time spent in this place.
 C = Inter-level travel time spent in this place.
 D = Time resting spent in this place.
 E = Time spent auto-exploring this place.
 F = Levels seen in this place.
 G = Mean time per level.
                   A        B        C        D        E       F      G
               +--------+--------+--------+--------+--------+-----+--------+
         Total |   8906 |   8499 |    407 |   1062 |   5854 |  10 |  890.6 |
       Dungeon |   8906 |   8499 |    407 |   1062 |   5854 |  10 |  890.6 |
               +--------+--------+--------+--------+--------+-----+--------+

Top non-repeatable levels by time:
     D:5: 1187 daAuts
     D:9: 1186 daAuts
     D:2: 982 daAuts
     D:4: 963 daAuts
     D:6: 958 daAuts
     D:7: 929 daAuts
     D:1: 921 daAuts
     D:3: 813 daAuts
     D:8: 726 daAuts
    D:10: 237 daAuts
